 Dungeon Crawl Stone Soup version 0.27.1 (webtiles) character file.

Game seed: 2098981537183096719

58 MajorAdolf the Sneak (level 4, -2/39 HPs)
             Began as a Naga Wanderer on Aug 21, 2021.
             Slain by an adder (4 damage)
             ... on level 2 of the Dungeon.
             The game lasted 00:03:57 (2680 turns).

MajorAdolf the Sneak (Naga Wanderer)                Turns: 2680, Time: 00:03:57

Health: -2/39      AC:  1    Str: 15    XL:     4   Next: 1%
Magic:  5/5        EV:  8    Int: 11    God:
Gold:   66         SH:  4    Dex: 12    Spells: 5/5 levels left

rFire    . . .     SeeInvis +   g - +0 hunting sling
rCold    . . .     Faith    .   c - +0 buckler
rNeg     . . .     Spirit   .   (no armour)
rPois    +         Reflect  .   (no helmet)
rElec    .         Harm     .   (no cloak)
rCorr    .         Rampage  .   (no gloves)
Will     +....                  (no barding)
Stlth    ++........             (no amulet)
HPRegen  0.13/turn              d - ring of willpower
MPRegen  0.09/turn              (no ring)

@: short of breath, very slow
A: AC +1, large, see invisible, deformed body, poison resistance, slowness 2,
spit poison 1, naga tail 1
a: Spit Poison


You were on level 2 of the Dungeon.
You visited 1 branch of the dungeon, and saw 2 of its levels.

You collected 66 gold pieces.

Inventory:

Hand Weapons
 a - a +2 dagger
 g - a +0 hunting sling (weapon)
Missiles
 b - 2 curare-tipped darts
 f - 12 sling bullets (quivered ammo)
 j - 20 poisoned darts
Armour
 c - a +0 buckler (worn)
Jewellery
 d - a ring of willpower (left hand)
Scrolls
 i - a scroll of brand weapon {unknown}
Potions
 e - a potion of attraction {unknown}
 h - a potion of degeneration {unknown}


   Skills:
 + Level 2.2 Fighting
 - Level 1.7 Crossbows
 - Level 1.0 Throwing
 - Level 1.5 Armour
 + Level 3.2 Stealth
 + Level 1.3 Shields
 - Level 1.0 Spellcasting
 - Level 2.0 Fire Magic
 - Level 1.0 Evocations


You had 5 spell levels left.
You didn't know any spells.
Your spell library was empty.

Dungeon Overview and Level Annotations

Branches:
Dungeon (2/15)

Altars:

Annotations:
D:1 exclusion: downstairs


Innate Abilities, Weirdness & Mutations

Your serpentine skin is tough. (AC +1)
You have supernaturally acute eyesight. (SInv)
Armour fits poorly on your strangely shaped body.
Your system is resistant to poisons. (rPois)
You cover ground very slowly.
You can spit poison.
You have a snake-like lower body.


Message History

The adder bites you.
Press: ? - help, Shift-Dir - straight line, f/p - adder
Aim: an adder (moderately wounded)
The splash of poison misses the adder.
The adder completely misses you.
Unknown command.
Okay, then.
You are too injured to fight recklessly!
Fire: 13 sling bullets
Press: ? - help, Q - select action, (/) - cycle Shift-Dir - straight line, f/p - adder
Aim: an adder (moderately wounded, 38% to hit)
You shoot a sling bullet.
The sling bullet barely misses the adder.
The adder barely misses you. The adder bites you.
* * * LOW HITPOINT WARNING * * *
You are poisoned.
The adder poisons you!
You feel sick.
You have got your breath back.
You feel sick. The adder bites you.
* * * LOW HITPOINT WARNING * * *
Press: ? - help, Shift-Dir - straight line, f/p - adder
Aim: an adder (moderately wounded)
The splash of poison misses the adder.
You feel sick.
You are no longer poisoned.
You block the adder's attack.
Unknown command.
You block the adder's attack.
You have got your breath back.
The adder completely misses you.
Press: ? - help, Shift-Dir - straight line, f/p - adder
Aim: an adder (moderately wounded)
The splash of poison misses the adder.
The adder bites you.
* * * LOW HITPOINT WARNING * * *
Unknown command.
The adder misses you.
Okay, then.
The adder bites you.
* * * LOW HITPOINT WARNING * * *
The adder bites you.
You die...

#.# #.# # #.#
#.# # #.# #.# #
#.# #.# # #.#
#.# # #.# #.#
#######.# #.#
.....##.# #S#
.†......# #@#
####....# #.# #
#...#########.#
#.............#
##..###########
#..# #..# #..#
#..#


You could see an adder.

Vanquished Creatures
  An adder (D:2)
  An adder skeleton (D:2)
  A worm (D:2)
  2 dart slugs
  5 ball pythons (D:1)
  2 bats (D:1)
  4 endoplasms
  2 giant cockroaches (D:1)
  5 goblins
  3 hobgoblins
  2 quokkas
  2 frilled lizards (D:1)
  3 kobolds (D:1)
  5 rats
38 creatures vanquished.

Notes
Turn   | Place    | Note
-------+----------+-------------------------------------------
     0 | D:1      | MajorAdolf the Naga Wanderer began the quest for the Orb.
     0 | D:1      | MajorAdolf set off with the following items: a +2 dagger, 2
                  | curare-tipped darts, a +0 ring mail, a piece from Xom's
                  | chessboard (15/15)
     0 | D:1      | Reached XP level 1. HP: 18/18 MP: 2/2
    35 | D:1      | Reached skill level 1 in Stealth
   361 | D:1      | Reached XP level 2. HP: 10/25 MP: 3/3
   673 | D:1      | Found a faded altar of an unknown god.
   850 | D:1      | Reached skill level 2 in Stealth
  1286 | D:2      | Reached skill level 1 in Shields
  1286 | D:2      | Reached XP level 3. HP: 18/32 MP: 4/4
  1849 | D:1      | Reached skill level 3 in Stealth
  2535 | D:2      | Reached XP level 4. HP: 39/39 MP: 5/5
  2680 | D:2      | Slain by an adder

Illustrated notes

Levels and vault maps discovered:
D:1:      dpeg_arrival_short_road, layout_rooms, ebering_ecumenical_altar_hall,
          palyth_stone_intersect, st_stairs_3, minmay_tetromino_l2
D:2:      layout_loops_ring, grunt_ministairs_10

Skill      XL: |  1  2  3 |
---------------+----------+-----
Stealth        | 1 2 3 |  3.2
Shields        | 1 |  1.3
Fighting       | 2 |  2.2
Crossbows      | |  1.7
Throwing       | |  1.0
Armour         | |  1.5
Spellcasting   | |  1.0
Fire Magic     | |  2.0
Evocations     | |  1.0

Action                   |  1- 3 |  4- 6 || total
-------------------------+-------+-------++-------
Melee: Dagger            |    67 |       ||    67
 Fire: Hunting sling     |     4 |     2 ||     6
Throw: Dart              |     1 |       ||     1
 Abil: Spit Poison       |    29 |     7 ||    36
 Stab: Sleeping          |     1 |       ||     1
Armor: Skin              |     2 |     1 ||     3
Dodge: Dodged            |    37 |    11 ||    48
Block: Buckler           |     6 |     5 ||    11
